 Dungeon Crawl Stone Soup version 0.32-a0-576-g706899e69d (webtiles) character file.

Game seed: 16882491060612764827

617 Sobieck the Cleaver (level 7, -3/50 HPs)
             Began as a Coglin Gladiator on Mar 1, 2024.
             Was a Follower of Ru.
             Blown up by Pikel (16 damage)
             ... with a mindburst bolt
             ... on level 4 of the Dungeon.
             The game lasted 00:05:34 (2472 turns).

Sobieck the Cleaver (Coglin Gladiator)              Turns: 2472, Time: 00:05:34

Health: -3/50      AC:  6    Str: 16    XL:     7   Next: 45%
Magic:  7/7        EV: 12    Int:  8    God:    Ru [*.....]
Gold:   136        SH:  0    Dex: 15    Spells: 6/6 levels left

rFire   . . .        a - +2 war axe {Hana}
rCold   . . .        k - +0 hand axe {Demetirus}
rNeg    . . .        b - +0 leather armour
rPois   .            c - +1 helmet
rElec   .            (no cloak)
rCorr   .            o - +0 pair of gloves
SInv    .            (no boots)
Will    .....        (amulet unavailable)
Stlth   +            (ring unavailable)
HPRegen 0.28/turn    (ring unavailable)
MPRegen 0.10/turn    (no gizmo)

%: no passive effects
@: mighty, revved
A: no air magic, no conjurations magic, no alchemy magic, off-hand wielding,
slow wielding, warmup strikes, no jewellery
a: Invent Gizmo, Renounce Religion


You were on level 4 of the Dungeon.
You worshipped Ru.
Ru was aware of your devotion.
You visited 1 branch of the dungeon, and saw 4 of its levels.

You collected 161 gold pieces.
You spent 25 gold pieces at shops.

Inventory:

Hand Weapons
 a - a +2 war axe (weapon) {Hana}
 f - a +0 dagger {Juan}
 k - a +0 hand axe (offhand) {Demetirus}
Missiles
 v - a javelin (quivered)
 Z - 3 throwing nets
Armour
 b - a +0 leather armour (worn)
 c - a +1 helmet (worn)
 o - a +0 pair of gloves (worn)
Scrolls
 d - a scroll of immolation
Potions
 g - a potion of enlightenment {unknown}
 j - a potion of curing {unknown}
 p - 3 potions of lignification
 t - a potion of mutation {unknown}


   Skills:
 - Level 2.0 Fighting
 + Level 8.4 Axes
 - Level 1.7 Throwing
 - Level 2.6 Dodging


You had 6 spell levels left.
You didn't know any spells.
Your spell library contained the following spells:

 Spells                   Type           Power      Damage    Failure   Level
 Ozocubu's Armour         Ice            0%         N/A       85%         3
 Metabolic Englaciation   Hex/Ice        0%         N/A       100%        5
 Sculpt Simulacrum        Ice/Alch       Unusable   N/A       N/A         6

Dungeon Overview and Level Annotations

Branches:
Dungeon (4/15)
 Temple: D:4-7

Altars:
Ru

Shops:
D:2 (?[   D:4 *

Annotations:
D:4 Pikel


Innate Abilities, Weirdness & Mutations

You cannot study or cast Air magic.
You cannot study or cast Conjurations magic.
You cannot study or cast Alchemy magic.
You can wield a second weapon in your off-hand.
It takes a long time for you to wield or remove held weapons.
Your first few attacks do less damage.
You cannot equip rings or amulets.


Message History

* * * LOW HITPOINT WARNING * * *
Unknown command.
You barely miss the lemure with your +0 hand axe.
The lemure is almost dead.
You closely miss the lemure with your +2 war axe.
The lemure closely misses you.
Unknown command.
You closely miss the lemure with your +2 war axe.
The lemure is almost dead.
You closely miss the lemure with your +0 hand axe.
The lemure misses you.
Unknown command.
You slash the lemure with your +2 war axe!
You kill the lemure!
That felt strangely unrewarding.
You feel very mighty all of a sudden. The hobgoblin misses you.
Unknown command.
Unknown command.
You hit the hobgoblin with your +2 war axe.
The hobgoblin is almost dead.
You closely miss the hobgoblin with your +0 hand axe.
The hobgoblin hits you but does no damage.
You slash the hobgoblin with your +0 hand axe!
You kill the hobgoblin!
Unknown command.
You completely miss the lemure with your +2 war axe.
You hit the lemure with your +0 hand axe.
The lemure hits you!
* * * LOW HITPOINT WARNING * * *
Unknown command.
You hit the lemure with your +0 hand axe.
The lemure is moderately wounded.
You slash the lemure with your +2 war axe!
The lemure hits you.
* * * LOW HITPOINT WARNING * * *
Unknown command.
You barely miss the lemure with your +0 hand axe.
The lemure is severely wounded.
You barely miss the lemure with your +2 war axe.
The lemure hits you.
* * * LOW HITPOINT WARNING * * *
You hit the lemure with your +0 hand axe.
The lemure is severely wounded.
You slash the lemure with your +2 war axe!
You kill the lemure!
That felt strangely unrewarding.
Pikel zaps a wand.
Your mind is blasted!
You die...
Pikel says, "Another soul for the market."
Ru respects your ultimate sacrifice.

****** ,,,,,* ,*,*,*** ***
###############
,,,*,*,*****,**#.............#
,,,,,,,*,*,*,,*#@###########.#
,,,,**,,,,,,,**#†# #.#
,,,,,,,,,#.....oK#*** ######.####
***,*,,,,#....#g##*,**######>####
,,,,,,,,,#...,.o,,,,,*######.####
,,,,**,,,...,##.,,,,**######.####
,,,,,,,*,#.*,,..,,,,,,...###.†...
,,,*,*,*,.,*,*.#,,,*,*##.######.#
,*,*,,,,,,,,,..*,*,*,,#...#####.#


You could see Pikel, 2 orcs and a hobgoblin.

Vanquished Creatures
  A water moccasin (D:4)
  Duvessa (D:4)
  4 lemures (D:4)
  A phantom (D:4)
  A scorpion (D:3)
  Dowan (D:4)
  A howler monkey (D:3)
  A bombardier beetle (D:4)
  A hound (D:4)
  6 adders
  3 dart slugs
  4 ribbon worms
  10 bats
  7 endoplasms
  4 giant cockroaches
  4 goblins
  6 hobgoblins
  4 jackals (D:4)
  4 kobolds
  3 quokkas
  8 ball pythons
  2 frilled lizards (D:3)
  6 rats
83 creatures vanquished.

Notes
Turn   | Place    | Note
-------+----------+-------------------------------------------
     0 | D:1      | Sobieck the Coglin Gladiator began the quest for the Orb.
     0 | D:1      | Reached XP level 1. HP: 16/16 MP: 1/1
    13 | D:1      | Found a faded altar of an unknown god.
   204 | D:1      | Reached XP level 2. HP: 19/22 MP: 2/2
   494 | D:1      | Reached skill level 4 in Axes
   573 | D:1      | Reached XP level 3. HP: 27/27 MP: 3/3
   875 | D:1      | Prayed at the altar of an unknown god.
   875 | D:1      | Became a worshipper of Ru the Awakened
   876 | D:1      | Gained mutation: You cannot study or cast Air magic. [Ru
                  | sacrifice]
   876 | D:1      | Gained mutation: You cannot study or cast Alchemy magic.
                  | [Ru sacrifice]
   876 | D:1      | Gained mutation: You cannot study or cast Conjurations
                  | magic. [Ru sacrifice]
   876 | D:1      | Reached * piety under Ru
   901 | D:2      | Found Hoera's Antique Armour Boutique.
   942 | D:2      | Found Durygg's Antique Weapon Boutique.
  1065 | D:2      | Found Nazineasa's Magic Scroll Boutique.
  1083 | D:2      | Reached XP level 4. HP: 31/33 MP: 4/4
  1209 | D:2      | Reached skill level 5 in Axes
  1309 | D:3      | Noticed a scorpion
  1314 | D:3      | Killed a scorpion
  1315 | D:3      | Reached XP level 5. HP: 28/38 MP: 5/5
  1538 | D:3      | Reached skill level 6 in Axes
  2178 | D:4      | Noticed Duvessa
  2178 | D:4      | Noticed Dowan
  2257 | D:4      | Reached XP level 6. HP: 44/44 MP: 6/6
  2301 | D:4      | Killed Dowan
  2309 | D:4      | Reached skill level 7 in Axes
  2313 | D:4      | Killed Duvessa
  2314 | D:4      | Reached XP level 7. HP: 43/50 MP: 7/7
  2323 | D:4      | Reached skill level 8 in Axes
  2359 | D:4      | Found Meinludi's Assorted Antiques.
  2367 | D:4      | Bought a scroll labelled TUCI CU BAIBIU for 25 gold pieces
  2443 | D:4      | Noticed Pikel
  2472 | D:4      | Blown up by Pikel

Illustrated notes

Levels and vault maps discovered:
D:1:      amcnicky_arrival_blooded_trapdoor, layout_loops_corners,
          hellmonk_ecumenical_altar_run_dry
D:2:      minmay_spotlight, layout_basic, serial_shops, shop,
          nicolae_diamond_shop, nicolae_diamond_shop
D:3:      layout_basic
D:4:      nicolae_cairo_tiling_large_dashed, layout_loops_ring, serial_shops,
          shop, uniq_duvessa, uniq_eustachio, uniq_pikel

Skill      XL: |  1  2  3  4  5  6  7 |
---------------+----------------------+-----
Axes           | 4 5 6 7 8 |  8.4
Fighting       | |  2.0
Throwing       | |  1.7
Dodging        | |  2.6

Action                     |  1- 3 |  4- 6 |  7- 9 || total
---------------------------+-------+-------+-------++-------
  Melee: Dagger            |    26 |       |       ||    26
         War axe           |    51 |    65 |    28 ||   144
         Hand axe          |    28 |    62 |    30 ||   120
 Invoke: Sacrifice Arcana  |     1 |       |       ||     1
    Use: Scroll            |       |    13 |     2 ||    15
         Potion            |       |     3 |     2 ||     5
   Stab: Sleeping          |     2 |     1 |       ||     3
         Distracted        |       |     1 |       ||     1
 Armour: Leather armour    |    38 |    56 |    21 ||   115
  Dodge: Dodged            |    53 |    42 |    13 ||   108

Table legend: (Time is in decaauts)
 A = Elapsed time spent in this place.
 B = Non-inter-level travel time spent in this place.
 C = Inter-level travel time spent in this place.
 D = Time resting spent in this place.
 E = Time spent auto-exploring this place.
 F = Levels seen in this place.
 G = Mean time per level.
                   A        B        C        D        E       F      G
               +--------+--------+--------+--------+--------+-----+--------+
         Total |   2489 |   2374 |    115 |     39 |   1833 |   4 |  622.2 |
       Dungeon |   2489 |   2374 |    115 |     39 |   1833 |   4 |  622.2 |
               +--------+--------+--------+--------+--------+-----+--------+

Top non-repeatable levels by time:
     D:3: 967 daAuts
     D:1: 907 daAuts
     D:2: 383 daAuts
     D:4: 231 daAuts
